 Dungeon Crawl Stone Soup version 0.31-a0-38-g1548c4f2a5 (webtiles) character file.

Game seed: 13151644515668784656

19 shadeless the Shooter (level 2, 0/22 HPs)
             Began as a Human Hunter on May 16, 2023.
             Slain by a hobgoblin (2 damage)
             ... on level 1 of the Dungeon.
             The game lasted 00:06:28 (236 turns).

shadeless the Shooter (Human Hunter)                 Turns: 236, Time: 00:06:28

Health: 0/22       AC:  3    Str:  8 (11) XL:     2   Next: 95%
Magic:  2/2        EV: 11    Int:  8 (9)  God:
Gold:   39         SH:  0    Dex: 15 (16) Spells: 1/1 levels left

rFire   . . .        a - +0 shortbow
rCold   . . .        (shield currently unavailable)
rNeg    . . .        c - +0 leather armour
rPois   .            (no helmet)
rElec   .            (no cloak)
rCorr   .            (no gloves)
SInv    .            (no boots)
Will    .....        (no amulet)
Stlth   ++           (no ring)
HPRegen 0.23/turn    (no ring)
MPRegen 0.08/turn

%: no passive effects
@: no status effects
A: no striking features
a: no special abilities


You were on level 1 of the Dungeon.
You visited 1 branch of the dungeon, and saw 1 of its levels.

You collected 39 gold pieces.

Inventory:

Hand Weapons
 a - a +0 shortbow (weapon)
 f - a +0 whip
 g - a +0 dagger
 h - a +0 trident
Armour
 c - a +0 leather armour (worn)
Scrolls
 b - a scroll of immolation
 e - 2 scrolls of identify {unknown}


   Skills:
 + Level 2.0 Fighting
 + Level 4.7 Ranged Weapons
 + Level 2.0 Dodging
 + Level 1.1 Stealth


You had one spell level left.
You didn't know any spells.
Your spell library was empty.

Dungeon Overview and Level Annotations

Branches:
Dungeon (1/15)

Altars:


Message History

You shoot an arrow. The arrow closely misses the bat.
The bat barely misses you. The kobold misses you. The bat misses you.
You shoot an arrow. The arrow hits the kobold.
You kill the kobold!
The bat hits you but does no damage. x3
You shoot an arrow. The arrow hits the bat.
The bat is moderately wounded.
The bat hits you. The jackal misses you. The bat hits you but does no damage.
The jackal barely misses you. The hobgoblin hits you.
You shoot an arrow. The arrow closely misses the jackal.
The arrow hits the jackal.
The jackal is lightly wounded.
The bat barely misses you. The jackal bites you. The hobgoblin hits you.
You shoot an arrow. The arrow hits the jackal.
The jackal is severely wounded.
The bat hits you but does no damage. The jackal misses you.
The hobgoblin hits you.
* * * LOW HITPOINT WARNING * * *
You shoot an arrow. The arrow hits the jackal.
You kill the jackal!
The bat completely misses you. The hobgoblin closely misses you.
The jackal barely misses you. The bat hits you but does no damage.
The hobgoblin closely misses you.
It was a potion of degeneration.
There was something very wrong with that liquid.
You feel weakened.
You feel dopey.
You feel clumsy.
The jackal bites you but does no damage.
The jackal bites you.
* * * LOW HITPOINT WARNING * * *
The hobgoblin closely misses you.
You shoot an arrow. The arrow hits the jackal.
The jackal is lightly wounded.
The bat hits you but does no damage. The jackal barely misses you.
The hobgoblin barely misses you. The jackal bites you.
* * * LOW HITPOINT WARNING * * *
You shoot an arrow. The arrow completely misses the jackal.
The bat closely misses you. The jackal bites you.
* * * LOW HITPOINT WARNING * * *
The hobgoblin hits you.
You die...

........ #...... ####
######...(.. #####...
#........... ###.......
#..........# ##.........
..........# .##..####...#
.......gh# ..#..## #....
#.###.....@##.##.## #....
#.........b...#..# ##....
###########.......#.#.## #.....
....................#.### #.....
###########.......###...###...##.
# #.......# #.#......###. #
#.......######<..### ## #
####.........########## #
#...................


You could see a jackal, a hobgoblin and a bat.

Vanquished Creatures
  2 dart slugs (D:1)
  3 endoplasms (D:1)
  A goblin (D:1)
  A hobgoblin (D:1)
  A jackal (D:1)
  2 kobolds (D:1)
  2 quokkas (D:1)
  A frilled lizard (D:1)
13 creatures vanquished.

Notes
Turn   | Place    | Note
-------+----------+-------------------------------------------
     0 | D:1      | shadeless the Human Hunter began the quest for the Orb.
     0 | D:1      | Reached XP level 1. HP: 16/16 MP: 1/1
    73 | D:1      | Reached XP level 2. HP: 17/22 MP: 2/2
   236 | D:1      | Slain by a hobgoblin

Illustrated notes

Levels and vault maps discovered:
D:1:      dpeg_arrival_round_b, layout_basic, minmay_ruptured

Action                     || total
---------------------------++-------
   Fire: Shortbow          ||    31
    Use: Potion            ||     1
 Armour: Leather armour    ||    13
  Dodge: Dodged            ||    33

Table legend: (Time is in decaauts)
 A = Elapsed time spent in this place.
 B = Non-inter-level travel time spent in this place.
 C = Inter-level travel time spent in this place.
 D = Time resting spent in this place.
 E = Time spent auto-exploring this place.
 F = Levels seen in this place.
 G = Mean time per level.
                   A        B        C        D        E       F      G
               +--------+--------+--------+--------+--------+-----+--------+
         Total |    245 |    119 |    126 |      0 |      0 |   1 |  245.0 |
       Dungeon |    245 |    119 |    126 |      0 |      0 |   1 |  245.0 |
               +--------+--------+--------+--------+--------+-----+--------+

Top non-repeatable levels by time:
     D:1: 245 daAuts
